 Dungeon Crawl Stone Soup version 0.30-a0-782-ge64f9170bb (webtiles) character file.

Game seed: 13656058443249624539

152698 Anon1729 the Severer (level 17, -19/152 HPs)
             Began as a Minotaur Monk on Feb 21, 2023.
             Was a High Priest of Qazlal.
             Demolished by a broodmother (23 damage)
             ... on level 3 of the Spider Nest on Feb 22, 2023.
             The game lasted 00:35:47 (29652 turns).

Anon1729 the Severer (Minotaur Monk)               Turns: 29652, Time: 00:35:48

Health: -19/152    AC: 26    Str: 23    XL:     17   Next: 3%
Magic:  7/26       EV: 13    Int: 10    God:    Qazlal [*****.]
Gold:   2085       SH: 12    Dex: 16    Spells: 16/16 levels left

rFire   + + .      SeeInvis +    a - +3 executioner's axe (flame)
rCold   + . .      Faith    .    (shield currently unavailable)
rNeg    . . .      Spirit   .    r - +3 plate armour of the Poles {rPois Will+ Dex+2}
rPois   +          Reflect  +    Y - +2 hood of the Assassin {Detect Stab+ Stlth++}
rElec   .          Harm     .    W - scarf {+Inv}
rCorr   .          Rampage  .    Q - +2 pair of gloves "Icasiptu" {Drain rF+ Int+3 Slay+3}
Will    ++...                    j - +0 pair of boots "Topn" {+Blink rF+}
Stlth   +                        C - amulet of reflection
HPRegen 0.45/turn                O - ring of see invisible
MPRegen 0.20/turn                N - ring of Beorruv {Wiz rC+}

@: on blink cooldown, invisible, repel missiles
A: horns 2, retaliatory headbutt
a: Renounce Religion, Evoke Blink, Evoke Invisibility, Upheaval, Elemental
Force, Disaster Area


You were on level 3 of the Spider Nest.
You worshipped Qazlal.
Qazlal was extremely pleased with you.
You visited 5 branches of the dungeon, and saw 26 of its levels.
You visited the Abyss 1 time.
You also visited: Ossuary and Ice Cave.

You collected 3319 gold pieces.
You spent 1234 gold pieces at shops.

Inventory:

Hand Weapons
 a - a +3 executioner's axe of flaming (weapon)
 b - a +4 heavy broad axe
 G - a +1 battleaxe of freezing
Missiles
 d - 44 poisoned darts (quivered)
 R - 5 throwing nets
Armour
 j - the +0 pair of boots "Topn" (worn) {+Blink rF+}
   (You acquired it on level 1 of the Dungeon)

   rF:        It protects you from fire.
   +Blink:    It lets you blink.
 r - the +3 plate armour of the Poles (worn) {rPois Will+ Dex+2}
   (You found it on level 7 of the Dungeon)

   Dex:       It affects your dexterity (+2).
   rPois:     It protects you from poison.
   Will:      It increases your willpower.
 s - an orb of mayhem
 I - the +3 pair of gloves "Lyluj" {rPois}
   (You bought it in a shop on level 2 of the Orcish Mines)

   rPois:     It protects you from poison.
 Q - the +2 pair of gloves "Icasiptu" (worn) {Drain rF+ Int+3 Slay+3}
   (You found it in an ice cave)

   Int:       It affects your intelligence (+3).
   Slay:      It affects your accuracy & damage with ranged weapons and melee
   (+3).
   rF:        It protects you from fire.
   Drain:     It drains your maximum health when unequipped.
 W - a scarf of invisibility (worn)
 Y - the +2 hood of the Assassin (worn) {Detect Stab+ Stlth++}
   (You found it on level 3 of the Lair of Beasts)

   Detect:    It allows the wearer to sense nearby creatures.
   Stab+:     It allows the wearer to make particularly effective stabbing
   attacks against helpless or unaware enemies with any weapon.
   Stlth:     It makes you much more stealthy.
Jewellery
 n - the macabre finger necklace {Finger+ rN+}
   (You found it on level 13 of the Dungeon)

   [amulet of nothing]

   Finger+:   It enables you to equip an extra ring.
   rN:        It protects you from negative energy.
 C - an amulet of reflection (around neck)
 M - a ring of positive energy
 N - the ring of Beorruv (right hand) {Wiz rC+}
   (You found it on level 10 of the Dungeon)

   [ring of wizardry]

   It improves your spell success rate.
   rC:        It protects you from cold.
 O - a ring of see invisible (left hand)
Wands
 k - a wand of flame (40)
 u - a wand of light (17)
 v - a wand of roots (36)
 x - a wand of paralysis (17)
 T - a wand of digging (6)
 X - a wand of polymorph (7)
Scrolls
 f - 9 scrolls of teleportation
 g - 7 scrolls of amnesia
 m - 11 scrolls of noise
 p - 4 scrolls of enchant armour
 q - a scroll of fear
 B - 5 scrolls of magic mapping
 J - 5 scrolls of vulnerability
 K - 4 scrolls of fog
 L - 6 scrolls of identify
 P - a scroll of silence
 S - 4 scrolls of immolation
 V - 3 scrolls of poison
Potions
 c - 6 potions of haste
 e - 12 potions of degeneration
 h - 5 potions of mutation
 i - 7 potions of curing
 l - 9 potions of lignification
 o - 4 potions of might
 t - a potion of magic
 w - a potion of cancellation
 z - 2 potions of flight
 A - a potion of ambrosia
 D - 3 potions of resistance
 E - 5 potions of attraction
 F - 6 potions of brilliance
 H - a potion of invisibility
 Z - 2 potions of berserk rage
Miscellaneous
 y - a box of beasts


   Skills:
 + Level 14.0 Fighting
 * Level 19.3 Axes
 + Level 13.6 Armour
 + Level 13.1 Dodging
 + Level 10.8 Stealth
 * Level 14.3 Invocations
 * Level 4.6 Evocations


You had 16 spell levels left.
You didn't know any spells.
Your spell library contained the following spells:

 Spells                   Type           Power      Damage    Failure   Level
 Freeze                   Ice            0%         1d3       77%         1
 Necrotise                Necr           0%         1d4       77%         1
 Sandblast                Erth           0%         2d4       77%         1
 Slow                     Hex            0%         N/A       77%         1
 Ensorcelled Hibernation  Hex/Ice        0%         N/A       88%         2
 Passwall                 Tmut/Erth      0%         N/A       88%         2
 Poisonous Vapours        Pois/Air       0%         N/A       88%         2
 Confusing Touch          Hex            0%         N/A       98%         3
 Frozen Ramparts          Ice            0%         1d1       98%         3
 Gell's Gravitas          Tloc           0%         N/A       98%         3
 Hailstorm                Conj/Ice       0%         3d3       98%         3
 Ignite Poison            Fire/Tmut/Pois 0%         N/A       98%         3
 Ozocubu's Armour         Ice            0%         N/A       98%         3
 Stone Arrow              Conj/Erth      0%         3d7       98%         3
 Swiftness                Air            0%         N/A       98%         3
 Teleport Other           Tloc           0%         N/A       98%         3
 Vampiric Draining        Necr           0%         2d6       98%         3
 Airstrike                Air            0%         2d(0-16)  100%        4
 Animate Armour           Summ/Erth      0%         N/A       100%        4
 Animate Dead             Necr           0%         N/A       100%        4
 Olgreb's Toxic Radiance  Pois           0%         N/A       100%        4
 Petrify                  Tmut/Erth      0%         N/A       100%        4
 Summon Lightning Spire   Summ/Air       0%         N/A       100%        4
 Agony                    Necr           0%         N/A       100%        5
 Blade Hands              Tmut           0%         N/A       100%        5
 Borgnjor's Vile Clutch   Necr/Erth      0%         N/A       100%        5
 Fireball                 Conj/Fire      0%         3d3       100%        5
 Iskenderun's Battlesphe  Conj           0%         2d6       100%        5
 Lightning Bolt           Conj/Air       0%         1d11      100%        5
 Yara's Violent Unravell  Hex/Tmut       0%         3d3       100%        5
 Conjure Ball Lightning   Conj/Air       0%         3x3d6     100%        6
 Death Channel            Necr           0%         N/A       100%        6
 Dispersal                Tloc           0%         N/A       100%        6
 Eringya's Noxious Bog    Tmut/Pois      0%         N/A       100%        6
 Iron Shot                Conj/Erth      0%         9d1       100%        6
 Enfeeble                 Hex            0%         N/A       100%        7
 Orb of Destruction       Conj           0%         9d5       100%        7
 Ozocubu's Refrigeration  Ice            0%         4d7       100%        7
 Chain Lightning          Conj/Air       0%         N/A       100%        9


Dungeon Overview and Level Annotations

Branches:
Dungeon (15/15)            Temple (1/1) D:7            Lair (5/5) D:8
 Shoals (0/4) Lair:3       Spider (3/4) Lair:3        Slime (0/5) Lair:5
    Orc (2/2) D:10            Elf (0/3) Orc:2        Vaults (0/5) D:13
 Depths (0/4) D:15        Ossuary (visited)           IceCv (visited)

Altars:
Ashenzari
Cheibriados
Dithmenos
Elyvilon
Fedhas
Gozag
Hepliaklqana
Kikubaaqudgha
Makhleb
Nemelex Xobeh
Okawaru
Qazlal
Ru
Sif Muna
Trog
Uskayaw
Vehumet
Wu Jian
Xom
Yredelemnul
Zin
The Shining One

Shops:
D:1 :([[   D:5 [   D:13 (   D:15 [=:[   Orc:1 (   Orc:2 !(**[

Annotations:
Lair:2 3 runed translucent doors, Jisuom's ghost, journeyman DrCj


Innate Abilities, Weirdness & Mutations

You have a pair of horns on your head.
You reflexively headbutt those who attack you in melee.


Message History

You kill the wolf spider!
Qazlal accepts your kill.
The blast of magma engulfs the broodmother!!
The broodmother is severely wounded.
The blast of rubble hits the broodmother!!
The broodmother is almost dead.
The cutting wind hits the broodmother!!
The broodmother is severely wounded.
The blast of rubble hits the broodmother!!
The broodmother is almost dead.
The broodmother is engulfed in poison gas.
The broodmother looks as sick as possible!
You block the broodmother's attack.
The broodmother is engulfed in poison gas.
The broodmother looks as sick as possible!
You block the broodmother's attack.
The broodmother is engulfed in poison gas.
The broodmother looks as sick as possible!
Okay, then.
Unknown command.
Unknown command.
Okay, then.
You fail to use your ability.
The broodmother is no longer encased in ice.
The broodmother looks as sick as possible!
The broodmother misses you. You furiously retaliate!
You headbutt the broodmother.
The broodmother is engulfed in poison gas.
The broodmother looks as sick as possible!
You block the broodmother's attack.
You blink.
The broodmother is engulfed in poison gas.
The broodmother looks as sick as possible!
The broodmother is engulfed in poison gas.
The broodmother looks as sick as possible!
The orb spider is engulfed in poison gas.
The orb spider is poisoned.
The broodmother looks as sick as possible!
The broodmother bites you!!
You die...

#### ##.#.## ##○☼#☼§###
#☼°○.☼○#.#.#..#
####.☼☼§§°§......^
#..○°°○§s☼§○§..§^#
##..°s@s#.≈#.≈...^#
###...°☼○#######.≈#§####
.#s..○### #}# ### ##>#
.....## #.# #.# .....##
#.# #.# .<..##.# #'# #.#
...###s# #.# #.# ...
#†.## #.# #####.##
#.†.## #'####.#....#


You could see 2 broodmothers, an orb spider (summoned, unable to see you,
poisoned) and a tarantella (summoned, wandering, unable to see you).

Vanquished Creatures
  Arachne (Spider:2)
  A tentacled monstrosity (Abyss:2)
  Frances (Spider:2)
  Kirke (Lair:4)
  Gastronok (Lair:2)
  A revenant (Abyss:2)
  3 ghost moths
  2 emperor scorpions (Spider:2)
  An orc warlord (Orc:1)
  A broodmother (Spider:2)
  Nessos (Lair:5)
  A white draconian (IceCv)
  A green death (Abyss:2)
  A fire dragon (Lair:5)
  Josephine (Lair:5)
  Harold (Lair:1)
  A rakshasa (D:10)
  4 hydras
  3 ironbound frosthearts (IceCv)
  9 boulder beetles
  An ogre mage (D:15)
  6 centaur warriors
  A radroach (Spider:2)
  3 death yaks (Lair:1)
  A death knight (D:11)
  A satyr (shapeshifter) (D:13)
  6 two-headed ogres
  2 tengu warriors
  3 orc high priests (Orc:2)
  A thrashing horror (Abyss:2)
  A fire crab (Lair:5)
  Amaemon (Lair:1)
  Sonja (Lair:2)
  A titan skeleton (D:15)
  A sixfirhy (Abyss:2)
  4 skeletal warriors
  A shadow wraith (Abyss:2)
  A sun moth (Spider:2)
  5 orb spiders
  A flayed ghost (D:15)
  2 steelbarb worms
  2 wizards
  9 wolf spider zombies (Spider:3)
  3 deep elf pyromancers
  2 starcursed masses (Abyss:2)
  2 necromancers
  24 ugly things
  An orange crystal statue (IceCv)
  8 orc knights
  5 orc sorcerers
  A shadow dragon skeleton (D:15)
  2 oklob plants (Lair:5)
  9 wolf spiders
  9 cyclopes
  5 manticores
  A moth of wrath (Spider:3)
  4 elephants (Lair:4)
  6 black mambas
  A merfolk siren (Lair:3)
  An orange demon (Lair:1)
  A torpor snail (Spider:1)
  A fire giant skeleton (D:15)
  3 molten gargoyles (Lair:5)
  A spriggan zombie (D:15)
  An unseen horror (D:7)
  5 komodo dragons
  13 cane toads
  24 rime drakes
  2 demonic crawlers (Spider:2)
  A yaktaur (D:10)
  2 kobold demonologists
  7 redback zombies (Spider:3)
  3 ancient zymes (Abyss:2)
  An efreet (D:14)
  3 freezing wraiths
  11 trolls
  A burning bush (Lair:5)
  3 meliai (Spider:2)
  9 tarantellas
  A polar bear (shapeshifter) (D:15)
  14 polar bears
  Grinder (D:3)
  2 hornets (D:7)
  A tarantella (shapeshifter) (D:13)
  5 culicivora zombies (Spider:3)
  6 dream sheep (Lair:4)
  18 jumping spiders
  5 slime creatures
  5 tarantella zombies (Spider:3)
  14 culicivoras
  A spriggan (shapeshifter) (D:13)
  A shadow (D:10)
  6 hogs
  2 wyverns
  A vampire (D:13)
  9 wraiths
  2 fire bats (Abyss:2)
  55 yaks
  9 basilisks
  25 redbacks
  4 steam dragons
  10 vampire mosquitoes
  A warg (Orc:1)
  2 acid dragons
  12 water moccasins
  22 orc warriors
  4 hell hounds (Lair:5)
  4 sky beasts
  2 black bears
  A swamp drake (D:8)
  2 ice beasts
  A boggart (D:11)
  11 wolves
  10 ogres
  18 centaurs
  2 phantoms
  2 kobold brigands
  9 bullfrogs
  3 elf zombies (Ossuary)
  A necrophage (D:7)
  2 scorpions
  10 wights
  3 killer bees (D:7)
  2 electric eels
  7 howler monkeys
  A crimson imp (D:8)
  3 jellies
  4 lava snakes (Lair:5)
  5 hounds
  2 gnoll boudas
  17 orc priests
  An iron imp (Abyss:2)
  5 iguanas
  Ijyb (D:3)
  Natasha (twice) (D:2)
  24 orc wizards
  5 mummies
  32 gnolls
  5 adders
  A white imp (D:7)
  An ufetubus (D:7)
  An adder zombie (Ossuary)
  4 worms
  3 dart slugs
  99 orcs
  14 endoplasms
  4 giant cockroaches
  12 goblins
  7 hobgoblins
  16 jackals
  4 quokkas
  16 ball pythons
  6 bats
  A frilled lizard (D:3)
  2 gnoll zombies (Ossuary)
  A hobgoblin zombie (Ossuary)
  A jackal zombie (Ossuary)
  18 kobolds
  A kobold zombie (Ossuary)
  3 orc zombies
  3 rats
  2 rat zombies (Ossuary)
922 creatures vanquished.

Vanquished Creatures (others)
  A komodo dragon (Lair:5)
  A rime drake (Lair:5)
  A lava snake (Lair:5)
  An orc (D:7)
  A kobold (D:7)
  A bush (Lair:2)
  14 fungi
  25 plants
  2 withered plants (D:15)
47 creatures vanquished.

Grand Total: 969 creatures vanquished

Notes
Turn   | Place    | Note
-------+----------+-------------------------------------------
     0 | D:1      | Anon1729 the Minotaur Monk began the quest for the Orb.
     0 | D:1      | Reached XP level 1. HP: 19/19 MP: 0/0
    89 | D:1      | Reached XP level 2. HP: 20/27 MP: 1/1
   212 | D:1      | Reached skill level 1 in Armour
   316 | D:1      | Found Fexah's Book Shop.
   320 | D:1      | Reached skill level 4 in Axes
   320 | D:1      | Reached XP level 3. HP: 33/33 MP: 2/2
   406 | D:1      | Found Ficsuxomay's Antique Armour Emporium.
   458 | D:1      | Found Ulomu's Armour Shoppe.
   535 | D:1      | Found Siupt's Weapon Emporium.
   806 | D:2      | Noticed Natasha
   820 | D:2      | Killed Natasha
   821 | D:2      | Reached XP level 4. HP: 40/40 MP: 3/3
  1033 | D:2      | Noticed Natasha
  1043 | D:2      | Killed Natasha
  1239 | D:2      | Reached XP level 5. HP: 42/47 MP: 4/4
  1691 | D:3      | Noticed Ijyb
  1709 | D:3      | Killed Ijyb
  1710 | D:3      | Reached skill level 5 in Axes
  2643 | D:4      | Reached XP level 6. HP: 53/53 MP: 5/5
  2701 | D:4      | Noticed Grinder
  2875 | D:3      | Killed Grinder
  2876 | D:3      | Reached skill level 5 in Fighting
  2876 | D:3      | Reached skill level 6 in Axes
  3011 | D:4      | Reached XP level 7. HP: 61/61 MP: 6/6
  3450 | D:4      | Found a snail-covered altar of Cheibriados.
  3579 | D:1      | Bought a +1 heavy broad axe for 198 gold pieces
  3581 | D:1      | Identified a scroll of acquirement
  3665 | D:5      | Entered Level 5 of the Dungeon
  3676 | D:5      | Found an ornate altar of the Wu Jian Council.
  3691 | D:5      | Reached skill level 5 in Dodging
  3896 | D:5      | Reached skill level 7 in Axes
  3970 | D:5      | Found Hofead Fiu's Armour Shop.
  4009 | D:5      | Found a sparkling altar of Nemelex Xobeh.
  4209 | D:5      | Reached XP level 8. HP: 47/70 MP: 7/7
  4661 | D:5      | Reached skill level 8 in Axes
  4947 | D:6      | Reached skill level 5 in Armour
  5045 | D:6      | Found a sand-covered staircase.
  5058 | Ossuary  | Entered an ossuary
  5079 | Ossuary  | Reached XP level 9. HP: 31/78 MP: 8/8
  5327 | Ossuary  | Reached skill level 9 in Axes
  6196 | D:6      | Reached skill level 5 in Stealth
  6327 | D:6      | Got the Almanac of Nausea
  6431 | D:6      | Acquired the +0 pair of boots "Topn" {+Blink rF+}
  6459 | D:7      | Found a white marble altar of Elyvilon.
  6581 | D:7      | Paralysed by a hornet for 2 turns
  6586 | D:7      | Reached skill level 10 in Axes
  6928 | D:7      | Identified the +3 plate armour of the Poles {rPois Will+
                  | Dex+2}
  6981 | D:7      | Found a staircase to the Ecumenical Temple.
  7030 | Temple   | Entered the Ecumenical Temple
  7225 | Temple   | Became a worshipper of Qazlal Stormbringer
  7225 | Temple   | Reached * piety under Qazlal
  7225 | Temple   | Reached ** piety under Qazlal
  7437 | D:7      | Reached skill level 1 in Invocations
  7474 | D:7      | Noticed a kobold demonologist
  7481 | D:7      | Noticed a hellwing
  7486 | D:7      | Noticed a rust devil
  7487 | D:7      | Killed a kobold demonologist
  7488 | D:7      | Reached XP level 10. HP: 59/88 MP: 8/10
  7698 | D:7      | HP: 4/88 [something (7)]
  7953 | D:7      | Found a broken altar of Ashenzari.
  8097 | D:8      | Reached skill level 11 in Axes
  8132 | D:8      | Found a shadowy altar of Dithmenos.
  8136 | D:8      | Found a hazy altar of Hepliaklqana.
  8141 | D:8      | Found a shimmering altar of Xom.
  8475 | D:8      | You fall into a shaft and drop 1 floor!
  8643 | D:9      | Noticed a cyan ugly thing
  8649 | D:9      | Killed a cyan ugly thing
  9120 | D:9      | Found a glowing silver altar of Zin.
  9274 | D:8      | Found a burning altar of Makhleb.
  9333 | D:8      | Reached *** piety under Qazlal
  9449 | D:8      | Found a staircase to the Lair.
  9613 | D:10     | Entered Level 10 of the Dungeon
  9748 | D:10     | Noticed a skeletal warrior
  9775 | D:10     | Killed a skeletal warrior
  9776 | D:10     | Reached XP level 11. HP: 48/95 MP: 13/13
  9910 | D:10     | Found a staircase to the Orcish Mines.
  9943 | D:10     | Reached skill level 12 in Axes
  9945 | D:10     | Reached skill level 5 in Invocations
 10084 | D:10     | Identified the ring of Beorruv {Wiz rC+}
 10171 | D:10     | Found an iron altar of Okawaru.
 10273 | D:10     | Found a shimmering blue altar of Sif Muna.
 10347 | D:10     | Noticed a rakshasa
 10358 | D:10     | Noticed a tengu warrior
 10367 | D:10     | Killed a tengu warrior
 10378 | D:10     | Killed a rakshasa
 10596 | D:10     | Found a snail-covered altar of Cheibriados.
 10734 | D:10     | Noticed a two-headed ogre
 10739 | D:10     | Killed a two-headed ogre
 10971 | Lair:1   | Entered Level 1 of the Lair of Beasts
 10971 | Lair:1   | Noticed Amaemon
 10982 | Lair:1   | Killed Amaemon
 10982 | Lair:1   | Noticed Harold
 10994 | Lair:1   | Killed Harold
 11151 | Lair:1   | Reached **** piety under Qazlal
 11152 | Lair:1   | Reached skill level 13 in Axes
 11336 | Lair:1   | Noticed a death yak
 11341 | Lair:1   | Noticed a death yak
 11347 | Lair:1   | Killed a death yak
 11348 | Lair:1   | Reached XP level 12. HP: 56/106 MP: 16/16
 11348 | Lair:1   | Noticed a death yak
 11486 | Lair:1   | Killed a death yak
 11658 | Lair:1   | Killed a death yak
 11700 | Lair:1   | Identified the +1 robe of Joash {rPois rCorr}
 11967 | Lair:1   | Reached skill level 10 in Fighting
 12116 | Lair:2   | Noticed Gastronok
 12128 | Lair:2   | Killed Gastronok
 12190 | Lair:2   | Noticed Sonja
 12211 | Lair:2   | Killed Sonja
 12520 | Lair:2   | Found a runed translucent gate.
 12520 | Lair:2   | Found a runed translucent gate.
 12520 | Lair:2   | Found a runed translucent gate.
 12521 | Lair:2   | Noticed a death yak
 12521 | Lair:2   | Noticed a minotaur
 12525 | Lair:2   | Noticed Jisuom's ghost (journeyman DrCj)
 12554 | Lair:2   | Reached skill level 14 in Axes
 12622 | Lair:2   | Noticed a seven-headed hydra
 13115 | Lair:3   | Found the +2 hood of the Assassin {Detect Stab+ Stlth++}
 13151 | Lair:3   | Reached ***** piety under Qazlal
 13212 | Lair:3   | Found a staircase to the Shoals.
 13604 | Lair:3   | Found a hole to the Spider Nest.
 14190 | Lair:4   | Noticed a five-headed hydra
 14235 | Lair:3   | Killed an eight-headed hydra
 14485 | Lair:4   | Reached XP level 13. HP: 111/114 MP: 18/18
 14516 | Lair:4   | Reached skill level 10 in Armour
 14540 | Lair:4   | Reached skill level 10 in Dodging
 15295 | Lair:5   | Entered Level 5 of the Lair of Beasts
 15295 | Lair:5   | Noticed Kirke
 15297 | Lair:5   | Noticed Josephine
 15338 | Lair:4   | Reached skill level 15 in Axes
 15516 | Lair:5   | Noticed a sphinx
 15528 | Lair:4   | Killed Kirke
 15647 | Lair:5   | Killed Josephine
 16086 | Lair:5   | Reached skill level 10 in Invocations
 16182 | Lair:5   | Noticed Nessos
 16203 | Lair:5   | Killed Nessos
 16724 | Lair:5   | Found a large runed translucent door.
 16724 | Lair:5   | Found a large runed translucent door.
 16729 | Lair:5   | Reached XP level 14. HP: 110/124 MP: 20/20
 17278 | Lair:5   | Found a staircase to the Slime Pits.
 17818 | D:11     | Reached skill level 16 in Axes
 17960 | D:11     | Found a stormy altar of Qazlal.
 18654 | D:11     | Identified the +6 arbalest "Erphaeciy" {drain, SInv}
 19030 | D:11     | Identified the +2 rapier of the Philosopher {freeze, rN+
                  | Int+2}
 20387 | D:13     | Found a gate to the Vaults.
 20391 | D:13     | Found the macabre finger necklace {Finger+ rN+}
 20912 | D:13     | Found Liesmu's Weapon Boutique.
 21165 | D:14     | Reached skill level 17 in Axes
 21592 | D:14     | Reached XP level 15. HP: 117/134 MP: 22/22
 21905 | Orc:1    | Entered Level 1 of the Orcish Mines
 22066 | Orc:2    | Entered Level 2 of the Orcish Mines
 22085 | Orc:2    | Found Tesoneyq's Antique Armour Shoppe.
 22098 | Orc:2    | Bought a pair of brightly glowing gloves for 256 gold
                  | pieces
 22098 | Orc:2    | Identified the +3 pair of gloves "Lyluj" {rPois} (You
                  | bought it in a shop on level 2 of the Orcish Mines)
 22302 | Orc:2    | Found a staircase to the Elven Halls.
 22596 | Orc:2    | Paralysed by an orc sorcerer for 4 turns
 23052 | Orc:2    | Found Hol Jum's Distillery.
 23052 | Orc:2    | Found Yxzee's Antique Weapon Emporium.
 23059 | Orc:2    | HP: 5/130 [orc knight/+3 great sword of freezing (2)]
 23060 | Orc:2    | Found Cefali's General Store.
 23060 | Orc:2    | Found Siaqyrod's Assorted Antiques.
 23369 | Orc:2    | Bought a potion of curing for 42 gold pieces
 23369 | Orc:2    | Bought a potion of curing for 42 gold pieces
 23371 | Orc:2    | Bought a condenser vane for 600 gold pieces
 23372 | Orc:2    | Bought a potion of curing for 96 gold pieces
 23649 | Orc:1    | Found Ejobofum's Weapon Shoppe.
 23957 | D:15     | Entered Level 15 of the Dungeon
 24419 | D:15     | Found Cairotz's Book Shop.
 24423 | D:15     | Found a staircase to the Depths.
 24620 | D:15     | Found Soust's Jewellery Shoppe.
 24643 | D:15     | Found Wolock's Armour Shop.
 24670 | Abyss:2  | Cast into level 2 of the Abyss (a wizard)
 24711 | Abyss:2  | Noticed a tentacled monstrosity
 24720 | Abyss:2  | Killed a tentacled monstrosity
 24720 | Abyss:2  | Noticed a revenant
 24725 | Abyss:2  | Killed a revenant
 24728 | Abyss:2  | Found a corrupted altar of Lugonu.
 24814 | Abyss:2  | Reached skill level 10 in Stealth
 24840 | Abyss:2  | Noticed a tentacled starspawn
 24896 | Abyss:2  | Reached skill level 18 in Axes
 24898 | D:15     | Escaped the Abyss
 25110 | D:15     | Found Ocynuli's Armour Shoppe.
 25558 | Spider:1 | Entered Level 1 of the Spider Nest
 26119 | Spider:1 | Reached XP level 16. HP: 144/144 MP: 24/24
 26119 | Spider:1 | Found a frozen archway.
 26139 | IceCv    | Entered an ice cave
 26213 | IceCv    | Identified the +2 pair of gloves "Icasiptu" {Drain rF+
                  | Int+3 Slay+3}
 26273 | IceCv    | Reached ****** piety under Qazlal
 26391 | IceCv    | Reached skill level 1 in Evocations
 27076 | IceCv    | Got the Dissertation on the Boulder and the Nimbus
 27239 | IceCv    | Noticed a shard shrike
 27734 | Spider:2 | Noticed Arachne
 27750 | Spider:2 | Killed Arachne
 28772 | Spider:2 | Noticed Frances
 28783 | Spider:2 | Reached skill level 19 in Axes
 28799 | Spider:2 | Killed Frances
 29635 | Spider:3 | Reached XP level 17. HP: 125/152 MP: 1/26
 29644 | Spider:3 | HP: 7/152 [wolf spider[a broodmother] (24)]
 29648 | Spider:3 | HP: 3/152 [wolf spider[a broodmother] (6)]
 29652 | Spider:3 | Demolished by a broodmother

Illustrated notes

Levels and vault maps discovered:
D:1:      scummos_arrival_star, layout_rooms, serial_shops,
          nicolae_shop_behind_doors, shop, nicolae_shop_behind_doors,
          nicolae_square_shop, minmay_shallow_snake_nest
D:2:      layout_basic, uniq_natasha
D:3:      kennysheep_the_goblin_king, layout_basic, minmay_misc_feat_chi
D:4:      layout_rooms, chei_slow_surprise, kennysheep_generic_room_13,
          uniq_grinder
D:5:      lemuel_castle_with_subvaults [lemuel_castle_interior_carwin_1],
          layout_basic, mainiacjoe_overflow_24_doors, nzn_wu_jian_council_hall,
          serial_shops, nicolae_stop_n_shop_1
D:6:      nicolae_cairo_tiling_very_big, layout_loops_corners,
          nicolae_ossuary_entry_giza
D:7:      layout_cave_pools, mainiacjoe_overflow_concentric_impassable,
          elyvilon_altar_4, minmay_temple_entry_statues, st_stairs_6,
          minmay_shattered_shrine
D:8:      layout_rooms, makhleb_grotto_becter, grunt_temple_overflow_diamond,
          erik_lair_dragon
D:9:      layout_roguey, zin_academy
D:10:     layout_roguey, lemuel_crystal_altar, erik_orc_3,
          hangedman_feature_mirror, minmay_microvault
D:11:     minmay_the_grid_square_5x5_4x4 [minmay_the_grid_square_5x5_n_small,
          minmay_the_grid_square_5x5_almost_minimal,
          minmay_the_grid_square_5x5_hollow_slash,
          minmay_the_grid_square_5x5_minibox, minmay_the_grid_square_5x5_c,
          minmay_the_grid_square_5x5_prize_junk,
          minmay_the_grid_square_5x5_prize_snowflake,
          minmay_the_grid_square_5x5_longway, minmay_the_grid_square_5x5_two,
          minmay_the_grid_square_5x5_prize_open,
          minmay_the_grid_square_5x5_prize_itemx,
          minmay_the_grid_square_5x5_shrine2,
          minmay_the_grid_square_5x5_detours,
          minmay_the_grid_square_5x5_shrine1,
          minmay_the_grid_square_5x5_checkered_sparse,
          minmay_the_grid_square_5x5_trominoes], layout_basic,
          grunt_qazlal_clouds
D:12:     layout_irregular_city
D:13:     layout_irregular_city, david_vaults_2, serial_shops, shop
D:14:     layout_roguey, kennysheep_flooded_box
D:15:     gammafunk_depths_entry_grave, layout_rooms, serial_shops, shop, shop,
          shop, shop_statue, amcnicky_mini_rare_corridor_liquid, drop_trap
Temple:   grunt_temple_mini_profane
Lair:1:   layout_chaotic_city, nicolae_lair_grazing_beasts
          [nicolae_sub_lair_graze_edge, nicolae_sub_lair_graze_edge,
          nicolae_sub_lair_graze_edge, nicolae_sub_lair_graze_edge],
          uniq_harold, uniq_amaemon
Lair:2:   layout_misc_corridors, maelrawn_ghost_gauntlet_escape, uniq_sonja,
          uniq_gastronok
Lair:3:   layout_layer_cave, elwin_shoals_entry_rooms, spider_nest_entry_webs,
          lemuel_fruit_tree
Lair:4:   layout_hall_layers
Lair:5:   cheibrodos_lair_end_hotspot, layout_cave_shapes,
          minmay_slime_entry_oklob_enclosed, evilmike_ambush
          [evilmike_ambush_outer_basic, evilmike_ambush_inner_pond],
          uniq_nessos, uniq_josephine, uniq_kirke
Spider:1: layout_spider_delve, portal_ice_cave_entry_pillars_1
Spider:2: layout_cave_pods, uniq_arachne, uniq_frances
Spider:3: lemuel_spider_zombies
Orc:1:    layout_diamond_mine, serial_shops, nicolae_shop_bloodbath_and_beyond
Orc:2:    grunt_orc_tribal_feast, layout_diamond_mine, serial_shops, shop

Skill      XL: |  1  2  3  4  5  6  7  8  9 10 11 12 13 14 15 16 |
---------------+-------------------------------------------------+-----
Armour         | 1 2 3 4 5 6 7 8 9 11 12 13 | 13.6
Fighting       | 4 5 6 7 8 9 10 11 12 13 14 | 14.0
Axes           | 4 5 6 7 8 10 11 13 14 15 17 18 19 | 19.3
Stealth        | 2 3 4 5 6 7 8 9 10 | 10.8
Dodging        | 4 5 6 7 8 9 10 11 12 13 | 13.1
Invocations    | 1 4 7 8 10 11 13 14 | 14.3
Evocations     | 4 |  4.6

Action                     |  1- 3 |  4- 6 |  7- 9 | 10-12 | 13-15 | 16-18 || total
---------------------------+-------+-------+-------+-------+-------+-------++-------
  Melee: Hand axe          |    86 |   117 |    36 |       |       |       ||   239
         Headbutt          |    11 |    21 |    39 |    57 |   177 |    97 ||   402
         Punch             |     1 |     2 |     3 |     5 |     5 |       ||    16
         Broad axe         |       |       |   242 |   329 |   319 |       ||   890
         Executioner's axe |       |       |       |       |   473 |   418 ||   891
  Throw: Dart              |       |       |       |       |     8 |       ||     8
 Invoke: Upheaval          |       |       |       |     2 |    17 |     8 ||    27
         Disaster Area     |       |       |       |       |     3 |     2 ||     5
Ability: Evoke Blink       |       |       |       |       |     2 |     5 ||     7
  Evoke: Wand              |       |       |       |     3 |       |     1 ||     4
         Box of beasts     |       |       |       |       |     1 |       ||     1
    Use: Potion            |     1 |     1 |     1 |     6 |    10 |     5 ||    24
         Scroll            |       |       |    19 |     6 |     4 |     4 ||    33
   Stab: Sleeping          |     6 |     3 |       |       |       |       ||     9
         Confused          |       |       |       |     2 |       |       ||     2
         Invisible         |       |       |       |     1 |       |       ||     1
 Armour: Robe              |    20 |     7 |       |       |       |       ||    27
         Chain mail        |       |    34 |   196 |       |       |       ||   230
         Plate armour      |       |       |    31 |   229 |   417 |   190 ||   867
  Dodge: Dodged            |    68 |    71 |   184 |   152 |   354 |   173 ||  1002
         Repelled          |       |       |       |     4 |    12 |     2 ||    18
  Block: Other             |       |       |    14 |   198 |   500 |   236 ||   948
         Reflection        |       |       |       |     6 |    29 |     1 ||    36

Table legend: (Time is in decaauts)
 A = Elapsed time spent in this place.
 B = Non-inter-level travel time spent in this place.
 C = Inter-level travel time spent in this place.
 D = Time resting spent in this place.
 E = Time spent auto-exploring this place.
 F = Levels seen in this place.
 G = Mean time per level.
                   A        B        C        D        E       F      G
               +--------+--------+--------+--------+--------+-----+--------+
         Total |  30156 |  28110 |   2046 |   1902 |  21118 |  29 | 1039.9 |
       Dungeon |  16824 |  15418 |   1406 |   1029 |  11698 |  15 | 1121.6 |
        Temple |    221 |    174 |     47 |      0 |    173 |   1 |  221.0 |
          Lair |   6504 |   6113 |    391 |    458 |   4695 |   5 | 1300.8 |
   Spider Nest |   2938 |   2867 |     71 |    273 |   2054 |   3 |  979.3 |
  Orcish Mines |   1953 |   1824 |    129 |     22 |   1461 |   2 |  976.5 |
         Abyss |    214 |    214 |      0 |     24 |     63 |   1 |  214.0 |
       Ossuary |    353 |    353 |      0 |     85 |    173 |   1 |  353.0 |
      Ice Cave |   1147 |   1147 |      0 |     11 |    800 |   1 | 1147.0 |
               +--------+--------+--------+--------+--------+-----+--------+

Top non-repeatable levels by time:
  Lair:5: 1989 daAuts
    D:11: 1805 daAuts
     D:7: 1461 daAuts
   Orc:2: 1430 daAuts
     D:8: 1415 daAuts
  Lair:4: 1395 daAuts
    D:10: 1394 daAuts
Spider:2: 1382 daAuts
     D:5: 1364 daAuts
Spider:1: 1307 daAuts
  Lair:3: 1274 daAuts
     D:6: 1213 daAuts
     D:3: 1188 daAuts
   IceCv: 1147 daAuts
  Lair:2: 1115 daAuts
